 Dungeon Crawl Stone Soup version 0.21-a0-338-g36cf2fc (webtiles) character file.

22850 pichaelthompson the Protected (level 12, -8/97 HPs)
             Began as a Demonspawn Berserker on Oct 3, 2017.
             Was the Champion of Trog.
             Killed by divine providence
             ... invoked by an orc priest
              (14 damage)
             ... on level 2 of the Orcish Mines.
             The game lasted 00:48:55 (16927 turns).

pichaelthompson the Protected (DsBe)               Turns: 16927, Time: 00:48:56

Health: -8/97      AC: 26    Str: 16    XL:     12   Next: 66%
Magic:  0/4        EV: 10    Int:  5    God:    Trog [******]
Gold:   1377       SH:  6    Dex: 19    Spells: 11/11 levels left

rFire    . . .     SeeInvis .   K - +3 double sword "Ycameu Dinul" {antimagic, rPois rN+ Int-5}
rCold    + . .     Gourm    .   J - +0 buckler
rNeg     + + +     Faith    .   S - +4 plate armour
rPois    +         Spirit   +   (no helmet)
rElec    .         Reflect  .   (no cloak)
rCorr    .         Harm     .   b - +0 pair of gloves
MR       .....                  A - +2 pair of boots
Stlth    ..........             q - amulet of Alyucl Minai {Spirit rN++ Str-3}
HPRegen  0.26/turn              (no ring)
MPRegen  0.09/turn              H - +4 ring of dexterity

@: lethally poisoned (-8 -> -8), berserk cooldown, slowed, very slow
A: talons 2, icy blue scales 2, cold resistance 1, spiny 1
a: Berserk, Trog's Hand, Brothers in Arms, Burn Spellbooks, Renounce Religion


You were on level 2 of the Orcish Mines.
You worshipped Trog.
Trog was exalted by your worship.
You were very hungry.

You visited 2 branches of the dungeon, and saw 13 of its levels.
You also visited: Sewer, Bailey and Ice Cave.

You collected 1377 gold pieces.

Inventory:

Hand Weapons
 K - the +3 double sword "Ycameu Dinul" (weapon) {antimagic, rPois rN+ Int-5}
   (Trog gifted it to you on level 9 of the Dungeon)

   It reduces the magical energy of the wielder, and disrupts the spells and
   magical abilities of those hit.
   Natural abilities and divine invocations are not affected.
   It affects your intelligence (-5).
   It protects you from poison.
   It protects you from negative energy.
 T - a +3 antimagic demon blade
Missiles
 s - 315 stones (quivered)
Armour
 b - a +0 pair of gloves (worn)
 l - a +0 ring mail of magic resistance
 A - a +2 pair of boots (worn)
 C - a +0 large shield
 J - a +0 buckler (worn)
 O - a +0 ring mail of poison resistance
 S - a +4 plate armour (worn)
Jewellery
 q - the amulet of Alyucl Minai (around neck) {Spirit rN++ Str-3}
   (You acquired it in a bailey)

   [amulet of guardian spirit]

   It causes incoming damage to be split between your health and magic.
   It affects your strength (-3).
   It greatly protects you from negative energy.
 H - a +4 ring of dexterity (right hand)
Wands
 f - a wand of random effects (24/48)
 m - a wand of confusion (12/48)
 r - a wand of iceblast (5/15)
 t - a wand of flame (48/48)
 u - a wand of iceblast (6/15)
 y - a wand of polymorph (11/24)
 P - a wand of confusion (11/48)
 V - a wand of iceblast (7/15)
Scrolls
 d - 3 scrolls of remove curse
 e - 8 scrolls of teleportation
 n - a scroll of magic mapping
 v - 2 scrolls of blinking
 x - 2 scrolls of recharging
 D - a scroll of fog
 F - 2 scrolls of identify
Potions
 a - 4 potions of agility
 h - a potion of haste
 j - a potion of invisibility
 o - 3 potions of lignification
 p - a potion of experience {unknown}
 w - 2 potions of curing {unknown}
 z - 4 potions of brilliance
 B - 5 potions of flight
 E - 2 potions of heal wounds
 G - a potion of mutation {unknown}
 L - a potion of magic {unknown}
 M - 2 potions of cancellation {unknown}
 Q - a potion of resistance
 R - a potion of ambrosia {unknown}
Comestibles
 c - 9 bread rations
 g - 7 meat rations
 i - 6 chunks of flesh


   Skills:
 * Level 9.6 Fighting
   Level 1.9(6.1) Short Blades
 + Level 9.2(9.3) Long Blades
   Level 4.7 Polearms
 * Level 9.9 Armour
 * Level 8.8 Dodging
 + Level 1.7 Stealth
 * Level 6.8 Shields


You had 11 spell levels left.
You didn't know any spells.

Dungeon Overview and Level Annotations

Branches:
Dungeon (11/15)            Temple (0/1) D:4            Lair (0/6) D:8
    Orc (2/2) D:9             Elf (0/3) Orc:2

Altars:
Cheibriados
Dithmenos
Fedhas
Hepliaklqana
Kikubaaqudgha
Nemelex Xobeh
Qazlal
Ru
Xom
The Shining One
Beogh

Shops:
D:8 [*?(   D:9 }   D:11 :   Orc:1 :


Innate Abilities, Weirdness & Mutations

You have razor-sharp toenails.
You are mostly covered in icy blue scales. (AC +3)
Your flesh is cold resistant. (rC+)
You are partially covered in sharp spines.


Message History

You can move again.
An orc priest comes into view. It is wielding a dagger.
The orc wizard barely misses you.
You riposte.
You slice the orc wizard!!
You kill the orc wizard!
Trog accepts your kill.
Trog appreciates your killing of a magic user.
The orc priest mumbles some strange prayers to Beogh against you.
Beogh smites you!
* * * LOW HITPOINT WARNING * * *
The orc sorcerer is struck by your spines.
The orc sorcerer hits you but does no damage.
The orc priest mumbles some strange prayers to Beogh against you.
Beogh smites you!
* * * LOW HITPOINT WARNING * * *
Your iron troll goes berserk!
You are feeling very hungry.
You feel sick.
The orc priest invokes the aid of Beogh against you.
Beogh smites you!
You die...

#############
##.@oo{ooo....
##..)o)oooo....
#..T######oo.##
#..## ... #.##
. #.# #.# #.#
###.#


You could see an orc sorcerer, 3 orc warriors, 6 orc priests, 2 orc wizards and
a friendly iron troll (berserk).

Vanquished Creatures
  An orc warlord (Bailey)
  2 two-headed ogres (D:10)
  Urug (D:11)
  The ghost of jusk the Protected, a novice GnWn of Ashenzari (D:9)
  Pikel (D:9)
  2 orc knights
  3 orc sorcerers
  2 ugly things (IceCv)
  2 cyclopes
  A manticore (D:11)
  3 ice statues (IceCv)
  2 rime drakes (Orc:1)
  2 polar bears (D:9)
  2 trolls
  Prince Ribbit (D:5)
  The ghost of triglyceri the Chopper, an amateur HuWn (D:4)
  Grinder (D:3)
  4 hippogriffs
  11 yaks
  3 wyverns
  Eustachio (D:6)
  A hungry ghost (D:9)
  2 wargs (Orc:1)
  3 phantoms
  16 ice beasts
  4 sky beasts
  2 hornet zombies
  13 orc warriors
  2 black bears
  6 ogres
  An eye of draining (D:11)
  6 centaurs
  A wolf (D:9)
  8 bullfrogs
  A gnoll sergeant (D:7)
  A wyvern zombie (D:11)
  2 scorpions
  3 vampire bats (D:7)
  6 killer bees (D:9)
  5 wights (D:7)
  An electric eel (D:9)
  4 howler monkeys
  2 crimson imps
  2 bullfrog zombies
  2 quasits (D:10)
  6 hounds
  3 jellies
  2 centaur skeletons
  10 orc priests
  A water moccasin simulacrum (D:9)
  22 orc wizards
  5 iguanas
  Ijyb (D:3)
  8 worker ants
  A hound zombie (D:5)
  A hound skeleton (D:9)
  A killer bee simulacrum (D:9)
  A worker ant zombie (D:11)
  18 adders
  17 gnolls
  A river rat (D:5)
  A shadow imp (D:10)
  4 white imps (D:9)
  A worker ant simulacrum (D:9)
  6 oozes
  2 adder skeletons (D:8)
  2 adder zombies
  10 worms
  3 dart slugs
  An adder simulacrum (D:9)
  5 leopard geckos
  81 orcs
  3 bat skeletons (D:7)
  4 bat zombies (D:7)
  8 giant cockroaches
  13 goblins
  9 hobgoblins
  23 jackals
  3 quokkas
  2 ball pythons
  16 bats
  10 frilled lizards
  2 jackal skeletons
  11 kobolds
  2 leopard gecko skeletons (D:4)
  A leopard gecko zombie (D:7)
  A quokka simulacrum (D:9)
  12 rats
  A fungus (D:1)
476 creatures vanquished.

Vanquished Creatures (others)
  3 slaves (D:9)
  An orc wizard (D:9)
  An iguana (D:9)
  A worker ant (D:9)
  A centaur simulacrum (D:9)
  4 orcs (D:9)
11 creatures vanquished.

Grand Total: 487 creatures vanquished

Notes
Turn   | Place    | Note
-------+----------+-------------------------------------------
     0 | D:1      | pichaelthompson the Demonspawn Berserker began the quest for the Orb.
     0 | D:1      | Reached XP level 1. HP: 18/18 MP: 1/1
   190 | D:1      | Gained mutation: You have sharp toenails. [demonic ancestry]
   190 | D:1      | Reached XP level 2. HP: 19/24 MP: 2/2
   960 | D:2      | Reached XP level 3. HP: 24/29 MP: 3/3
   997 | D:2      | Reached ** piety under Trog
  1141 | D:2      | Found a sacrificial altar of Ru.
  1163 | D:2      | Reached XP level 4. HP: 22/37 MP: 4/4
  2093 | D:3      | Reached *** piety under Trog
  2154 | D:3      | Noticed Ijyb
  2165 | D:3      | Killed Ijyb
  2165 | D:3      | Gained mutation: You are partially covered in sharp spines. [demonic ancestry]
  2165 | D:3      | Reached XP level 5. HP: 42/42 MP: 5/5
  2573 | D:3      | Noticed Grinder
  2581 | D:3      | Killed Grinder
  2581 | D:3      | Gained mutation: You have razor-sharp toenails. [demonic ancestry]
  2581 | D:3      | Reached XP level 6. HP: 48/48 MP: 6/6
  2676 | D:3      | Found a shimmering altar of Xom.
  2921 | D:3      | Found a snail-covered altar of Cheibriados.
  3183 | D:4      | Reached XP level 7. HP: 5/55 MP: 7/7
  3184 | D:4      | Reached **** piety under Trog
  3536 | D:4      | Reached skill level 5 in Armour
  3603 | D:4      | Found a staircase to the Ecumenical Temple.
  3603 | D:4      | Noticed triglyceri's ghost (amateur HuWn)
  3617 | D:4      | Killed triglyceri's ghost
  3838 | D:4      | Found a sparkling altar of Nemelex Xobeh.
  4045 | D:5      | Entered Level 5 of the Dungeon
  4048 | D:5      | Gained mutation: You are partially covered in icy blue scales. (AC +2) [demonic ancestry]
  4048 | D:5      | Reached XP level 8. HP: 57/61 MP: 8/8
  4073 | D:5      | Reached skill level 5 in Long Blades
  4265 | D:5      | Reached skill level 1 in Shields
  4361 | D:5      | Found a blossoming altar of Fedhas.
  4446 | D:5      | Found a glowing drain.
  4450 | Sewer    | Entered a sewer
  4457 | Sewer    | Reached skill level 5 in Fighting
  5285 | D:5      | Noticed Prince Ribbit
  5754 | D:5      | Killed Prince Ribbit
  6149 | D:6      | Noticed Eustachio
  6421 | D:6      | Killed Eustachio
  6453 | D:6      | HP: 2/64 [centaur/arrow (9)]
  6938 | D:6      | Reached skill level 1 in Stealth
  6938 | D:6      | Reached XP level 9. HP: 69/69 MP: 9/9
  7104 | D:6      | Reached ***** piety under Trog
  7158 | D:6      | Reached skill level 5 in Dodging
  7407 | D:7      | Found a hazy altar of Hepliaklqana.
  7503 | D:7      | Reached skill level 1 in Short Blades
  7751 | D:7      | Found a blossoming altar of Fedhas.
  7858 | D:7      | Reached skill level 1 in Polearms
  8681 | D:7      | Found an ancient bone altar of Kikubaaqudgha.
  8785 | D:8      | Found a staircase to the Lair.
  8808 | D:8      | Reached XP level 10. HP: 71/77 MP: 10/10
  8862 | D:8      | Found a hazy altar of Hepliaklqana.
  8876 | D:8      | Found Wiesiot's Magic Scroll Emporium.
  8914 | D:8      | Found Zeohug's Antique Weapon Emporium.
  9052 | D:8      | Found a flagged portal.
  9076 | Bailey   | Entered a bailey
  9102 | Bailey   | Noticed an orc warlord
  9245 | Bailey   | Found a runed gate.
  9245 | Bailey   | Found a runed gate.
  9260 | Bailey   | Found a runed gate.
  9269 | Bailey   | Noticed an orc knight
  9291 | Bailey   | Killed an orc knight
  9556 | Bailey   | Killed an orc warlord
  9581 | Bailey   | Identified a scroll of acquirement
  9584 | Bailey   | Got a scintillating graven amulet
  9587 | Bailey   | Identified the amulet of Alyucl Minai {Spirit rN++ Str-3} (You acquired it in a bailey)
  9841 | D:8      | Found Obumumih's Assorted Antiques.
  9857 | D:8      | Found a stormy altar of Qazlal.
  9942 | D:8      | Found a glowing golden altar of the Shining One.
 10093 | D:8      | Found Gate's Antique Armour Boutique.
 10239 | D:9      | Noticed Pikel
 10258 | D:9      | Killed Pikel
 10317 | D:9      | Noticed jusk's ghost (novice GnWn)
 10368 | D:9      | Killed jusk's ghost
 10368 | D:9      | Reached skill level 5 in Shields
 10429 | D:9      | Gained mutation: You are mostly covered in icy blue scales. (AC +3) [demonic ancestry]
 10429 | D:9      | Reached XP level 11. HP: 50/86 MP: 9/11
 10858 | D:9      | Received a gift from Trog
 10861 | D:9      | Got a warped double sword {god gift}
 10945 | D:9      | Identified the +3 double sword "Ycameu Dinul" {antimagic, rPois rN+ Int-5} (Trog gifted it to you on level 9 of the Dungeon)
 11204 | D:9      | Found a shadowy altar of Dithmenos.
 11349 | D:9      | Found Fenosust's Gadget Shoppe.
 11622 | D:9      | Found a staircase to the Orcish Mines.
 11715 | D:10     | Entered Level 10 of the Dungeon
 12145 | D:10     | Noticed a two-headed ogre
 12153 | D:10     | Killed a two-headed ogre
 12333 | D:10     | Noticed a two-headed ogre
 12341 | D:10     | Killed a two-headed ogre
 12379 | D:10     | Reached ****** piety under Trog
 13416 | D:11     | Found Gitugoga's Book Emporium.
 13793 | D:11     | Gained mutation: Your flesh is cold resistant. (rC+) [demonic ancestry]
 13793 | D:11     | Reached XP level 12. HP: 94/94 MP: 4/12
 13920 | D:11     | Noticed Urug
 13932 | D:11     | Killed Urug
 14495 | Orc:1    | Entered Level 1 of the Orcish Mines
 14566 | Orc:1    | Found Ziutt's Book Shoppe.
 14588 | Orc:1    | Received a gift from Trog
 14621 | Orc:1    | Found a frozen archway.
 14635 | IceCv    | Entered an ice cave
 15416 | IceCv    | Got a scorched bone amulet
 15422 | IceCv    | Identified the amulet of Huibad {Gourm Str+5} (You found it in an ice cave)
 15488 | Orc:1    | HP: 1/96 [orc sorcerer/bolt of fire (47)]
 16132 | Orc:1    | Found a roughly hewn altar of Beogh.
 16752 | Orc:2    | Entered Level 2 of the Orcish Mines
 16752 | Orc:2    | Found a staircase to the Elven Halls.
 16918 | Orc:2    | Paralysed by an orc sorcerer for 7 turns
 16927 | Orc:2    | Killed from afar by an orc priest

Vault maps used:
D:1:      dpeg_arrival_tiny_c, minmay_gold_behind_fungi, minmay_misc_feat_iff
D:2:      nicolae_ru_sacrificial_ziggurat, minmay_domino_2
D:3:      lemuel_coloured_pillars_altar, tgw_xom, minmay_misc_feat_nine_boxes,
          kennysheep_generic_room_7, uniq_ijyb, uniq_grinder
D:4:      kennysheep_mini_moat, minmay_temple_entry_statues_pillars, first_bread
D:5:      basic_altar, gup_sewer_entry_bowl, uniq_prince_ribbit1
D:6:      nrook_mini_vaults, uniq_eustachio
D:7:      kennysheep_vampire_church, basic_altar, nicolae_benzene_ring,
          roderic_lattice_a, fedhas_bush_and_centaur_altar
D:8:      nicolae_overflow_crystal_walls, old_standard_altar,
          nicolae_tso_swordbearing_angel, lair_entry_dummy, serial_shops, shop,
          nicolae_shop_crystal, shop, shop_scrolls, enter_bailey_7
D:9:      nicolae_dithmenos_the_darkroom, hiddenorc1_lemuel, serial_shops,
          nicolae_shop_trees, serial_ice, serial_ice_l, serial_ice_o,
          serial_ice_b, serial_ice_g, serial_ice_d, serial_ice_f, serial_ice_c,
          serial_ice_e, serial_ice_a, serial_ice_n, grunt_ogre_cave, uniq_pikel
D:11:     serial_shops, nicolae_shop_window_shopping, st_stairs_10,
          hangedman_decor_push, uniq_urug
Orc:1:    serial_shops, nicolae_shop_crystal, portal_ice_cave_rime, mines2_david
Orc:2:    st_orc_mages, serial_shops, nicolae_shop_crystal
Sewer:    sewer_fruit_machine
Bailey:   bailey_axe_bossmonster_kennysheep, bailey
IceCv:    ice_cave_statue_garden_chambered

Skill      XL: |  1  2  3  4  5  6  7  8  9 10 11 12 |
---------------+-------------------------------------+-----
Dodging        | 2 3 4 6 7 8 |  8.8
Long Blades    | 3 4 5 7 9 |  9.2
Armour         | 2 4 5 6 7 8 9 |  9.9
Fighting       | 4 5 6 7 8 9 |  9.6
Shields        | 2 3 5 6 |  6.8
Stealth        | 1 |  1.7
Short Blades   | 1 |  1.9
Polearms       | 1 4 |  4.7

Action                   |  1- 3 |  4- 6 |  7- 9 | 10-12 || total
-------------------------+-------+-------+-------+-------++-------
Melee: Falchion          |    88 |   126 |   146 |       ||   360
       Kick              |    27 |    45 |    12 |       ||    84
       Dagger            |       |       |    79 |       ||    79
       Spear             |       |       |   152 |   333 ||   485
       Double sword      |       |       |       |   469 ||   469
Invok: Berserk           |       |     4 |     9 |    13 ||    26
       Burn Spellbooks   |       |       |     1 |     2 ||     3
       Brothers in Arms  |       |       |       |     1 ||     1
  Use: Scroll            |       |     6 |     7 |    12 ||    25
       Potion            |       |       |     1 |       ||     1
 Stab: Sleeping          |     1 |       |       |       ||     1
  Eat: Chunk             |     1 |     9 |    23 |    32 ||    65
       Fruit             |       |       |     4 |       ||     4
       Royal jelly       |       |       |     1 |     4 ||     5
       Bread ration      |       |       |     1 |       ||     1
Armor: Animal skin       |     6 |       |       |       ||     6
       Ring mail         |    17 |    31 |   131 |   189 ||   368
       Plate armour      |       |       |       |   149 ||   149
Dodge: Dodged            |    72 |    59 |   262 |   570 ||   963
Block: Buckler           |       |       |    51 |   254 ||   305
       Rpst.: Falchion   |    30 |    14 |    45 |       ||    89
       Double sword      |       |       |       |   100 ||   100

Table legend:
 A = Spawn XP
 B = Non-spawn XP
 C = Spawn XP percentage of total XP
 D = Spawn monster count
 E = Non-spawn monster count
 F = Spawn count percentage of total count
 G = Total turns spent on level
                    A         B        C        D         E        F      G
               +---------+---------+-------+---------+---------+-------+---------
         Total |       0 |   32643 |   0.0 |       0 |     476 |   0.0 | 16927
               +---------+---------+-------+---------+---------+-------+---------
           D:1 |       0 |      31 |   0.0 |       0 |      21 |   0.0 |   954
           D:2 |       0 |     115 |   0.0 |       0 |      36 |   0.0 |  1136
           D:3 |       0 |     529 |   0.0 |       0 |      32 |   0.0 |  1070
           D:4 |       0 |     741 |   0.0 |       0 |      22 |   0.0 |   885
           D:5 |       0 |     786 |   0.0 |       0 |      22 |   0.0 |  1887
           D:6 |       0 |    1154 |   0.0 |       0 |      28 |   0.0 |   661
           D:7 |       0 |    1898 |   0.0 |       0 |      44 |   0.0 |  1391
           D:8 |       0 |    1330 |   0.0 |       0 |      31 |   0.0 |   919
           D:9 |       0 |    5456 |   0.0 |       0 |      63 |   0.0 |  2214
          D:10 |       0 |    4065 |   0.0 |       0 |      37 |   0.0 |  1201
          D:11 |       0 |    5390 |   0.0 |       0 |      32 |   0.0 |  1474
         Orc:1 |       0 |    3179 |   0.0 |       0 |      36 |   0.0 |   819
         Orc:2 |       0 |    2210 |   0.0 |       0 |      17 |   0.0 |   175
         Sewer |       0 |      72 |   0.0 |       0 |      23 |   0.0 |   801
        Bailey |       0 |    2488 |   0.0 |       0 |      21 |   0.0 |   518
         IceCv |       0 |    3199 |   0.0 |       0 |      11 |   0.0 |   822
               +---------+---------+-------+---------+---------+-------+---------
